AoeStats
← Chaves

African Clearing

510809964Analyzed
3v3 RM · 18h ago on Oct 2, 2026· 47m 56s· 6 players
Game mode
Random Map
Map size
Normal (6 player)
Population
200
Speed
Normal
Resources
Standard
Victory
Conquest
Starting age
Dark Age
Ending age
Imperial Age
RankedLock teamsTeams togetherTeam positionsShared explorationLock speedFull tech treeHidden civsTurbo modeCheats
Victory
Defeat
🇨🇳 Mongols · China
1277
+12
🇺🇸 Mongols · United States
1251
+13
🇯🇵 Khmer · Japan
1239
+14
🇵🇪 Huns · Peru
1206
-13
🇦🇷 Portuguese · Argentina
1184
-13
🇧🇷 Wei · Brazil
1181
-13
pickmyself or end
5:08 Loom
15:06 Feudal Age
16:36 Double-Bit Axe
16:42 Town Watch
19:41 Castle Age
17:34 Horse Collar
17:46 Stone Mining
18:00 Gold Mining
19:15 Horse Collar
21:00 Wheelbarrow
20:53 Bow Saw
KJI
6:40 Loom
11:55 Feudal Age
17:03 Scale Barding Armor
17:53 Forging
18:09 Bloodlines
22:41 Castle Age
22:01 Gold Mining
22:51 Light Cavalry
25:13 Horse Collar
27:57 Chain Barding Armor
29:19 Wheelbarrow
29:57 Gold Mining
30:16 Heavy Plow
30:59 Fletching
34:18 Stone Mining
34:45 Double-Bit Axe
35:57 Iron Casting
40:53 Imperial Age
38:27 Tusk Swords
38:44 Bodkin Arrow
40:19 Husbandry
43:04 Plate Barding Armor
43:39 Conscription
44:07 Crop Rotation
44:59 Hand Cart
46:41 Bow Saw
one more game
11:39 Feudal Age
16:47 Castle Age
15:51 Loom
16:21 Double-Bit Axe
25:06 Fletching
26:10 Padded Archer Armor
28:50 Bodkin Arrow
31:07 Ballistics
32:11 Bow Saw
33:34 Husbandry
34:18 Bloodlines
36:18 Wheelbarrow
35:28 Town Watch
35:36 Horse Collar
40:27 Imperial Age
38:50 Leather Archer Armor
41:27 Bracer
40:56 Elite Mangudai
42:58 Chemistry
42:45 Hand Cart
43:13 Conscription
43:33 Fervor
44:35 Thumb Ring
44:56 Parthian Tactics
44:39 Siege Engineers
44:47 Forging
44:42 Scale Barding Armor
45:02 Stone Mining
45:03 Gold Mining
44:46 Light Cavalry
45:40 Hussar
46:41 Chain Barding Armor
48:21 Iron Casting
Chaves
9:12 Loom
15:25 Feudal Age
16:09 Double-Bit Axe
16:16 Horse Collar
22:29 Castle Age
20:48 Gold Mining
22:56 Padded Archer Armor
23:04 Town Watch
26:51 Fletching
27:18 Leather Archer Armor
27:56 Pikeman
32:35 Bodkin Arrow
36:52 Arson
44:06 Wheelbarrow
47:19 Thumb Ring
Kiyopon
4:12 Loom
13:35 Feudal Age
AgusJota
6:09 Loom
13:37 Feudal Age
16:01 Double-Bit Axe
18:24 Castle Age
25:04 Bow Saw
28:12 Wheelbarrow
33:04 Imperial Age
34:45 Chemistry
34:29 Conscription
35:05 Gold Mining
41:19 Elite Organ Gun
Connection lost

Rejoining the realm…

Still unreachable

The connection could not be restored.

Session expired

The server has moved on; the page needs a fresh start.